 Dungeon Crawl Stone Soup version 0.30-a0-310-g7d6cbdfea6 (webtiles) character file.

Game seed: 8483385743977681702

14845 ryw the Grappler (level 11, -11/87 (92) HPs)
             Began as a Demonspawn Monk on Oct 24, 2022.
             Was an Elder of Makhleb.
             Mangled by a swamp worm (20 damage)
             ... on level 2 of the Lair of Beasts.
             The game lasted 00:33:11 (13072 turns).

ryw the Grappler (Demonspawn Monk)                 Turns: 13072, Time: 00:33:12

HP:   -11/87 (92)   AC: 12    Str: 22    XL:     11   Next: 94%
MP:   18/18         EV: 16    Int: 12    God:    Makhleb [****..]
Gold: 143           SH:  7    Dex: 15    Spells: 10/10 levels left

rFire   . . .      SeeInvis .      - Unarmed
rCold   . . .      Faith    .    r - +2 buckler {AC+3}
rNeg    . . .      Spirit   .    a - +1 robe
rPois   .          Reflect  .    C - +0 helmet
rElec   .          Harm     .    u - +1 cloak
rCorr   .          Rampage  .    (no gloves)
Will    .....                    b - +0 pair of boots
Stlth   ++........               (no amulet)
HPRegen 0.34/turn                v - +6 ring of strength
MPRegen 0.16/turn                z - +4 ring of evasion

@: about to teleport, drained
A: claws 2, slimy green scales 1, ignite blood 2, powered by death 1
a: Renounce Religion, Minor Destruction, Lesser Servant of Makhleb, Major
Destruction


You were on level 2 of the Lair of Beasts.
You worshipped Makhleb.
Makhleb was greatly pleased with you.
You visited 3 branches of the dungeon, and saw 13 of its levels.

You collected 669 gold pieces.
You spent 526 gold pieces at shops.

Inventory:

Hand Weapons
 A - a +2 vampiric falchion
Missiles
 g - 2 poisoned darts
 x - 2 throwing nets
 D - 8 boomerangs
Armour
 a - a +1 robe (worn)
 b - a +0 pair of boots (worn)
 r - a +2 buckler of protection (worn)
 u - a +1 cloak (worn)
 C - a +0 helmet (worn)
 H - the +0 robe "Paav" {Fly}
   (You bought it in a shop on level 7 of the Dungeon)

   Fly:       It grants you flight.
Jewellery
 c - an amulet of magic regeneration
 f - a ring of resist corrosion
 h - a +6 ring of dexterity
 k - a +6 ring of dexterity
 l - a ring of magical power
 v - a +6 ring of strength (left claw)
 z - a +4 ring of evasion (right claw)
 B - a ring of protection from fire
 K - a ring of flight
Wands
 i - a wand of iceblast (7) (quivered)
 q - a wand of paralysis (8)
 t - a wand of polymorph (10)
 I - a wand of quicksilver (7)
Scrolls
 e - 3 scrolls of teleportation
 n - 4 scrolls of fear
 y - 3 scrolls of butterflies
 E - 3 scrolls of identify
 G - a scroll of magic mapping
 M - 2 scrolls of enchant weapon {unknown}
Potions
 d - a potion of mutation
 j - 4 potions of ambrosia
 m - a potion of invisibility
 o - 11 potions of curing
 p - 2 potions of brilliance
 s - a potion of lignification
 w - 2 potions of resistance
 F - a potion of attraction
 J - a potion of might
 L - a potion of flight {unknown}


   Skills:
 + Level 10.5 Fighting
 - Level 2.6 Dodging
 - Level 1.7 Stealth
 - Level 5.0 Shields
 * Level 13.0 Unarmed Combat
 - Level 10.0 Invocations


You had 10 spell levels left.
You didn't know any spells.
Your spell library contained the following spells:

 Spells                   Type           Power      Damage    Failure   Level
 Slow                     Hex            0%         N/A       38%         1
 Cigotuvi's Dreadful Rot  Necr/Pois/Air  0%         N/A       54%         2
 Poisonous Vapours        Pois/Air       0%         N/A       54%         2
 Sublimation of Blood     Necr           0%         N/A       54%         2
 Confusing Touch          Hex            0%         N/A       77%         3
 Dazzling Flash           Conj/Hex       0%         N/A       77%         3
 Mephitic Cloud           Conj/Pois/Air  0%         N/A       77%         3
 Ozocubu's Armour         Ice            0%         N/A       77%         3
 Stone Arrow              Conj/Erth      0%         3d7       77%         3
 Vampiric Draining        Necr           0%         2d6       77%         3
 Vhi's Electric Charge    Tloc/Air       0%         N/A       77%         3
 Animate Armour           Summ/Erth      0%         N/A       99%         4
 Petrify                  Tmut/Erth      0%         N/A       99%         4
 Summon Ice Beast         Ice/Summ       0%         N/A       99%         4
 Agony                    Necr           0%         N/A       100%        5
 Arcjolt                  Conj/Air       0%         1d10      100%        5
 Irradiate                Conj/Tmut      0%         3d11      100%        5
 Silence                  Hex/Air        0%         N/A       100%        5
 Summon Mana Viper        Hex/Summ       0%         N/A       100%        5
 Monstrous Menagerie      Summ           0%         N/A       100%        7
 Ozocubu's Refrigeration  Ice            0%         4d7       100%        7
 Lehudib's Crystal Spear  Conj/Erth      0%         10d2      100%        8
 Maxwell's Capacitive Co  Air            0%         ∞         100%        8


Dungeon Overview and Level Annotations

Branches:
Dungeon (10/15)            Temple (1/1) D:4            Lair (2/5) D:8
  Snake (0/4) Lair:2          Orc (0/2) D:9
  Swamp: Lair:2-3    Shoals: Lair:2-3

Altars:
Ashenzari
Fedhas
Gozag
Makhleb
Okawaru
Qazlal
Ru
Trog
Uskayaw
Wu Jian
Xom
Yredelemnul

Shops:
D:5 !:[   D:6 !   D:7 *

Annotations:
D:3 2 transporters
D:8 2 transporters, sleeves's ghost, novice DEHs
Lair:1 exclusion: 3 oklob plants


Innate Abilities, Weirdness & Mutations

You have very sharp fingernails.
You are partially covered in slimy green scales. (AC +2)
Your demonic aura often causes spilled blood to erupt in flames.
You regenerate a little health from kills.


Message History

The harpoon shot hits you.
You are yanked forward by the harpoon shot.
The swamp worm closely misses you.
You closely miss the swamp worm.
The swamp worm is severely wounded.
The hell rat barely misses you. The swamp worm closely misses you.
The swamp worm misses you. The hell rat barely misses you.
You closely miss the swamp worm.
The swamp worm is severely wounded.
The hell rat bites you but does no damage.
The swamp worm bites you!
The swamp worm bites you but does no damage.
The hell rat closely misses you.
You barely miss the swamp worm.
The swamp worm is severely wounded.
You block the cane toad's attack. The hell rat bites you!
You feel drained. The swamp worm bites you. The swamp worm bites you!
* * * LOW HITPOINT WARNING * * *
The hell rat closely misses you.
Unknown command.
You are too injured to fight recklessly!
Unknown command.
Okay, then.
As you read the scroll of teleportation, it crumbles to dust.
You feel strangely unstable.
The cane toad is engulfed in blazing flames.
The cane toad stings you.
* * * LOW HITPOINT WARNING * * *
The hell rat misses you. The swamp worm closely misses you.
The swamp worm misses you. You block the hell rat's attack.
The cane toad is engulfed in blazing flames.
The cane toad stings you!
* * * LOW HITPOINT WARNING * * *
Unknown command.
You feel better. The hell rat bites you.
* * * LOW HITPOINT WARNING * * *
You feel drained.
* * * LOW HITPOINT WARNING * * *
The swamp worm bites you!!
You die...

.♣~~#.# #..........#
♣♣P.### #####P+.#.##
..♣♣# ## ###..##### ~P~#
#P##P##+..#.## #####
#.........<..# ....###
##...........##
......#####............#
♣♣.......##....r.F.....#
~♣♣♣†..?####...w@......#
....†...P#.#...rw......#
♣...⌠...................#
~♣♣♣..##..##............#
♣..r.#########+.#.######
...#### .#### .## #


You could see a cane toad, 2 swamp worms and 2 hell rats.

Vanquished Creatures
  A hydra (Lair:2)
  A two-headed ogre (D:9)
  3 skeletal warriors
  Pikel (D:6)
  3 black mambas
  A cane toad (Lair:1)
  3 komodo dragons
  A rime drake (Lair:1)
  Grinder (D:5)
  3 blink frogs (Lair:2)
  A shadow (D:9)
  10 yaks (D:8)
  Eustachio (D:6)
  2 wyverns (D:8)
  3 basilisks
  A steam dragon (D:9)
  Menkaure (D:6)
  A two-headed ogre zombie (D:9)
  2 nagas (Lair:2)
  Duvessa (D:6)
  9 water moccasins
  3 ice beasts
  An acid dragon (D:8)
  3 black bears
  3 orc warriors
  5 wolves
  An ogre (D:5)
  A lemure (D:6)
  2 phantoms
  8 bullfrogs
  A necrophage (D:5)
  2 scorpions
  9 wights
  Dowan (D:6)
  3 troll zombies (D:9)
  3 killer bees (D:9)
  5 howler monkeys
  A bullfrog zombie (D:6)
  A hound (D:5)
  3 orc priests
  Jessica (D:3)
  Ijyb (D:5)
  Terence (D:2)
  5 iguanas
  5 orc wizards
  2 hell rats (Lair:2)
  4 ogre zombies (D:9)
  A howler monkey zombie (D:6)
  8 adders
  16 gnolls
  2 shadow imps
  A white imp (D:5)
  A worm (D:4)
  3 dart slugs
  24 orcs
  6 bats
  6 endoplasms
  A giant cockroach (D:2)
  9 hobgoblins
  6 jackals (D:2)
  8 quokkas
  9 ball pythons
  3 frilled lizards
  6 goblins
  3 goblin skeletons (D:9)
  5 goblin zombies (D:9)
  2 hobgoblin skeletons (D:9)
  2 hobgoblin zombies (D:9)
  5 kobolds
  3 orc skeletons (D:9)
  9 orc zombies (D:9)
  9 rats
273 creatures vanquished.

Vanquished Creatures (collateral kills)
  An oklob plant (Lair:1)
1 creature vanquished.

Vanquished Creatures (others)
  2 orcs (D:7)
  8 fungi
  9 plants
19 creatures vanquished.

Grand Total: 293 creatures vanquished

Notes
Turn   | Place    | Note
-------+----------+-------------------------------------------
     0 | D:1      | ryw the Demonspawn Monk began the quest for the Orb.
     0 | D:1      | Reached XP level 1. HP: 18/18 MP: 1/1
   280 | D:1      | Gained mutation: You have sharp fingernails. [demonic
                  | ancestry]
   280 | D:1      | Reached XP level 2. HP: 23/24 MP: 2/2
   616 | D:1      | Reached skill level 3 in Unarmed Combat
   905 | D:1      | Reached XP level 3. HP: 30/30 MP: 3/3
   918 | D:2      | Noticed Terence
  1546 | D:2      | Gained mutation: Your demonic aura sometimes causes spilled
                  | blood to erupt in flames. [demonic ancestry]
  1546 | D:2      | Reached XP level 4. HP: 35/37 MP: 4/4
  1690 | D:2      | Found a faded altar of an unknown god.
  1826 | D:2      | Killed Terence
  1827 | D:2      | Reached skill level 4 in Unarmed Combat
  2659 | D:3      | Gained mutation: You are partially covered in slimy green
                  | scales. (AC +2) [demonic ancestry]
  2659 | D:3      | Reached XP level 5. HP: 38/43 MP: 5/5
  2795 | D:3      | Noticed Jessica
  2805 | D:3      | Killed Jessica
  2850 | D:3      | Found a transporter.
  2854 | D:3      | Noticed an orc warrior
  2877 | D:3      | Found a transporter.
  3275 | D:4      | Found an iron altar of Okawaru.
  3337 | D:4      | Reached skill level 5 in Unarmed Combat
  3651 | D:4      | Reached XP level 6. HP: 50/50 MP: 6/6
  3920 | D:4      | Found a staircase to the Ecumenical Temple.
  3931 | Temple   | Entered the Ecumenical Temple
  4068 | Temple   | Became a worshipper of Makhleb the Destroyer
  4068 | Temple   | Reached * piety under Makhleb
  4068 | Temple   | Reached ** piety under Makhleb
  4159 | D:5      | Entered Level 5 of the Dungeon
  4200 | D:5      | Noticed an ice beast
  4403 | D:5      | Found Saifenol's Antique Armour Boutique.
  4409 | D:5      | Bought a shiny buckler for 202 gold pieces
  4437 | D:5      | Reached skill level 5 in Fighting
  4522 | D:5      | Reached skill level 1 in Invocations
  4545 | D:5      | Noticed Ijyb
  4551 | D:5      | Killed Ijyb
  4669 | D:5      | Found Qanoug's Distillery.
  4672 | D:5      | Bought a potion of curing for 33 gold pieces
  4672 | D:5      | Bought a potion of curing for 33 gold pieces
  4728 | D:5      | Reached skill level 1 in Shields
  4783 | D:5      | Noticed Grinder
  4803 | D:5      | Killed Grinder
  4804 | D:5      | Reached skill level 6 in Unarmed Combat
  4804 | D:5      | Reached XP level 7. HP: 22/56 MP: 7/9
  4968 | D:5      | Found Lidgh's Book Shop.
  5093 | D:5      | Gained mutation: You regenerate a little health from kills.
                  | [demonic ancestry]
  5093 | D:5      | Reached XP level 8. HP: 35/64 MP: 10/10
  5525 | D:6      | Reached skill level 7 in Unarmed Combat
  5587 | D:6      | Noticed Menkaure
  5590 | D:6      | Noticed Duvessa
  5596 | D:6      | Killed Menkaure
  5689 | D:6      | Killed Duvessa
  5748 | D:6      | Noticed Dowan
  5764 | D:6      | Killed Dowan
  6035 | D:6      | Reached skill level 5 in Invocations
  6086 | D:6      | Found an ornate altar of the Wu Jian Council.
  6087 | D:6      | Found Uleenoss's Distillery.
  6087 | D:6      | Noticed Eustachio
  6126 | D:6      | Killed Eustachio
  6132 | D:6      | Bought a potion of heal wounds for 60 gold pieces
  6222 | D:6      | Found a basalt altar of Yredelemnul.
  6498 | D:7      | Found Utagiol's Assorted Antiques.
  6508 | D:6      | Reached *** piety under Makhleb
  6528 | D:6      | Reached XP level 9. HP: 60/71 MP: 13/13
  6626 | D:7      | Bought a fizzy silvery potion for 27 gold pieces
  6643 | D:7      | Found a hide-covered altar of Uskayaw.
  6651 | D:7      | Noticed a +0 dagger
  6652 | D:7      | Noticed a +0 hand axe
  6742 | D:7      | Noticed Pikel
  6767 | D:6      | Reached skill level 8 in Unarmed Combat
  6930 | D:6      | Killed Pikel
  7010 | D:7      | Noticed a skeletal warrior
  7012 | D:7      | Noticed a skeletal warrior
  7015 | D:7      | Noticed a skeletal warrior
  7037 | D:6      | Killed a skeletal warrior
  7303 | D:6      | Reached skill level 9 in Unarmed Combat
  7353 | D:7      | Killed a skeletal warrior
  7354 | D:7      | Reached skill level 5 in Shields
  7354 | D:7      | Gained mutation: Your demonic aura often causes spilled
                  | blood to erupt in flames. [demonic ancestry]
  7354 | D:7      | Reached XP level 10. HP: 17/79 MP: 15/15
  7682 | D:7      | Killed a skeletal warrior
  8388 | D:8      | Reached skill level 10 in Unarmed Combat
  8813 | D:8      | Found a transporter.
  8813 | D:8      | Found a transporter.
  8813 | D:8      | Noticed sleeves's ghost (novice DEHs)
  8821 | D:8      | Noticed a two-headed ogre
  8885 | D:8      | Reached **** piety under Makhleb
  9109 | D:8      | Found a staircase to the Lair.
  9440 | D:9      | Noticed a two-headed ogre
  9557 | D:8      | Reached skill level 11 in Unarmed Combat
  9557 | D:8      | Gained mutation: You have very sharp fingernails. [demonic
                  | ancestry]
  9557 | D:8      | Reached XP level 11. HP: 81/87 MP: 18/18
  9990 | D:9      | Reached skill level 10 in Invocations
 10047 | D:7      | Bought a sheer robe for 171 gold pieces
 10047 | D:7      | Identified the +0 robe "Paav" {Fly} (You bought it in a
                  | shop on level 7 of the Dungeon)
 10297 | D:10     | Entered Level 10 of the Dungeon
 10309 | D:9      | Killed a two-headed ogre
 10445 | D:9      | Found a staircase to the Orcish Mines.
 10658 | D:9      | Reached ***** piety under Makhleb
 10995 | Lair:1   | Entered Level 1 of the Lair of Beasts
 11423 | Lair:1   | Reached skill level 12 in Unarmed Combat
 11446 | Lair:1   | Noticed an oklob plant
 11448 | Lair:1   | Noticed an oklob plant
 11450 | Lair:1   | Noticed an oklob plant
 11480 | Lair:1   | Reached skill level 10 in Fighting
 11795 | Lair:1   | Noticed an oklob plant
 12103 | Lair:1   | Killed an oklob plant
 12807 | Lair:2   | Found a staircase to the Snake Pit.
 13034 | Lair:2   | Noticed a seven-headed hydra
 13039 | Lair:2   | Killed a seven-headed hydra
 13040 | Lair:2   | Reached skill level 13 in Unarmed Combat
 13072 | Lair:2   | Mangled by a swamp worm

Illustrated notes

Levels and vault maps discovered:
D:1:      minmay_arrival_shattered_statue, layout_loops_ring
D:2:      minmay_chambers_of_twos, layout_rooms,
          shapermc_ecumenical_altar_mp_ritualfount, uniq_terence
D:3:      layout_loops_ring, gammafunk_temple_overflow_arena,
          grunt_decor_resistance, solitary_fountain, uniq_jessica
D:4:      layout_basic, lemuel_round_altar, temple_green
D:5:      layout_loops_ring, serial_shops, kennysheep_mini,
          nicolae_lakefront_shop, shop, hangedman_minor_gate_pass, uniq_ijyb,
          uniq_grinder
D:6:      layout_rooms, mainiacjoe_overflow_tiny_flanked,
          lemuel_zombie_altar_yredelemnul, serial_shops,
          nicolae_shop_hallway_plus, uniq_duvessa, uniq_eustachio, uniq_menkaure
D:7:      layout_rooms, dancing_weapons_uskayaw, serial_shops,
          nicolae_square_shop, corexii_item_surrounded_by_moat, uniq_pikel
D:8:      layout_loops_ring, erik_lair_dragon, gammafunk_ghost_smash
D:9:      layout_long_grid, zombieorc2_lemuel
D:10:     nicolae_whirlpool, layout_basic, grunt_temple_overflow_magic_moments,
          mainiacjoe_overflow_catwalk_spiral,
          mainiacjoe_overflow_large_starburst, slow_altar_1, uniq_snorg
Temple:   hellmonk_temple_beads
Lair:1:   minmay_lair_oklob_chamber, layout_chaotic_city
Lair:2:   layout_roguey, nicolae_swamp_entry_splash_gauntlet,
          guppyfry_snake_entry_garden, minmay_stone_trees_small

Skill      XL: |  1  2  3  4  5  6  7  8  9 10 11 |
---------------+----------------------------------+-----
Unarmed Combat | 3 4 5 6 7 9 11 13 | 13.0
Fighting       | 4 5 6 7 8 10 | 10.5
Invocations    | 2 3 5 7 9 10 | 10.0
Shields        | 1 2 3 5 |  5.0
Dodging        | |  2.6
Stealth        | |  1.7

Action                   |  1- 3 |  4- 6 |  7- 9 | 10-12 || total
-------------------------+-------+-------+-------+-------++-------
Melee: Unarmed           |   167 |   195 |   273 |   475 ||  1110
       Punch             |     2 |     5 |       |       ||     7
Throw: Javelin           |       |     3 |     1 |     5 ||     9
       Dart              |       |       |       |     2 ||     2
Invok: Lesser Servant of |       |       |       |     2 ||     2
       Greater Servant o |       |       |       |     1 ||     1
Evoke: Wand              |       |       |       |    36 ||    36
  Use: Scroll            |     1 |    10 |     6 |     5 ||    22
       Potion            |     1 |     1 |     3 |     4 ||     9
 Stab: Sleeping          |     9 |    11 |     2 |     4 ||    26
       Distracted        |       |       |       |     2 ||     2
Armor: Robe              |    28 |    23 |    55 |    85 ||   191
       Skin              |       |    10 |       |       ||    10
Dodge: Dodged            |    96 |    76 |   120 |   267 ||   559
Block: Buckler           |       |     5 |    95 |   167 ||   267

Table legend: (Time is in decaauts)
 A = Elapsed time spent in this place.
 B = Non-inter-level travel time spent in this place.
 C = Inter-level travel time spent in this place.
 D = Time resting spent in this place.
 E = Time spent auto-exploring this place.
 F = Levels seen in this place.
 G = Mean time per level.
                   A        B        C        D        E       F      G
               +--------+--------+--------+--------+--------+-----+--------+
         Total |  12932 |  12162 |    770 |   3198 |   6149 |  13 |  994.8 |
       Dungeon |  10761 |  10068 |    693 |   2288 |   5335 |  10 | 1076.1 |
        Temple |    174 |    111 |     63 |      0 |     98 |   1 |  174.0 |
          Lair |   1996 |   1982 |     14 |    910 |    716 |   2 |  998.0 |
               +--------+--------+--------+--------+--------+-----+--------+

Top non-repeatable levels by time:
     D:6: 1892 daAuts
     D:8: 1607 daAuts
  Lair:1: 1489 daAuts
     D:5: 1203 daAuts
     D:2: 1161 daAuts
     D:7: 1112 daAuts
     D:4: 1005 daAuts
     D:1: 956 daAuts
     D:9: 922 daAuts
     D:3: 872 daAuts
  Lair:2: 507 daAuts
  Temple: 174 daAuts
    D:10: 26 daAuts
